 Dungeon Crawl Stone Soup version 0.29-a0-668-g12ee2bf84d (webtiles) character file.

Game seed: 6300091576034235079

6896 blackman the Cleaver (level 11, -8/77 (86) HPs)
             Began as a Human Monk on June 23, 2022.
             Was an Elder of Trog.
             Killed from afar by Josephine (17 damage)
             ... with a ghostly fireball
             ... on level 10 of the Dungeon.
             The game lasted 00:26:40 (14567 turns).

blackman the Cleaver (Human Monk)                  Turns: 14567, Time: 00:26:40

HP:   -8/77 (86)    AC: 19    Str: 17    XL:     11   Next: 27%
MP:   11/11         EV:  6    Int: 10    God:    Trog [****..]
Gold: 728           SH:  0    Dex: 15    Spells: 10/10 levels left

rFire   . . .      SeeInvis .   t - +0 war axe (spect)
rCold   . . .      Faith    .   (no shield)
rNeg    . . .      Spirit   .   c - +0 plate armour
rPois   .          Reflect  .   V - +1 hat
rElec   .          Harm     .   M - +2 cloak
rCorr   .          Rampage  .   Z - +2 pair of gloves
Will    +....                   g - +0 pair of boots
Stlth   ..........              (no amulet)
HPRegen 0.22/turn               v - ring of willpower
MPRegen 0.12/turn               (no ring)

@: slowed, heavily drained, very slow
A: no striking features
a: Renounce Religion, Berserk, Trog's Hand, Brothers in Arms


You were on level 10 of the Dungeon.
You worshipped Trog.
Trog was greatly pleased with you.
You visited 1 branch of the dungeon, and saw 10 of its levels.
You also visited: Sewer.

You collected 728 gold pieces.

Inventory:

Hand Weapons
 a - a +0 hand axe
 f - a +0 club
 t - a +0 spectral war axe (weapon)
 w - a +0 whip of holy wrath
 L - a +1 whip of electrocution
 Q - a +3 battleaxe of flaming
Missiles
 e - 38 poisoned darts (quivered)
 r - 5 silver javelins
 D - 7 curare-tipped darts
 J - 3 javelins
 R - 4 throwing nets
Armour
 b - a +0 robe
 c - a +0 plate armour (worn)
 g - a +0 pair of boots (worn)
 h - a +0 chain mail
 M - a +2 cloak (worn)
 V - a +1 hat (worn)
 Z - a +2 pair of gloves (worn)
Jewellery
 v - a ring of willpower (left hand)
 W - an amulet of magic regeneration
Wands
 j - a wand of quicksilver (6)
 A - a wand of digging (7)
 G - a wand of mindburst (1)
 I - a wand of flame (9)
 S - a wand of iceblast (4)
Scrolls
 d - 3 scrolls of fear
 k - a scroll of poison
 l - 2 scrolls of enchant armour
 o - a scroll of immolation
 s - a scroll of silence {unknown}
 y - 3 scrolls of enchant weapon {unknown}
 B - a scroll of noise {unknown}
 F - a scroll of summoning
 K - 2 scrolls of amnesia {unknown}
 N - 4 scrolls of fog {unknown}
 O - 2 scrolls of torment {unknown}
 P - a scroll of teleportation
 X - a scroll of identify
Potions
 i - 2 potions of curing {unknown}
 m - 3 potions of might {unknown}
 n - 3 potions of mutation {unknown}
 q - a potion of lignification {unknown}
 u - 2 potions of cancellation {unknown}
 z - 2 potions of invisibility {unknown}
 C - 2 potions of attraction {unknown}
 E - 2 potions of haste {unknown}
 H - a potion of resistance {unknown}
 T - a potion of experience {unknown}
 U - a potion of degeneration {unknown}
Miscellaneous
 Y - a lightning rod (4/4)


   Skills:
 * Level 8.2 Fighting
 - Level 14.5 Axes
 * Level 3.1 Armour
 - Level 3.0 Dodging
 - Level 2.0 Stealth


You had 10 spell levels left.
You didn't know any spells.
Your spell library contained the following spells:

 Spells                   Type           Power      Damage    Failure   Level
 Ensorcelled Hibernation  Hex/Ice        0%         N/A       100%        2
 Passwall                 Tmut/Erth      0%         N/A       100%        2
 Swiftness                Air            0%         N/A       100%        3


Dungeon Overview and Level Annotations

Branches:
Dungeon (10/15)            Temple (0/1) D:4            Lair (0/6) D:8
  Sewer (visited)
    Orc: D:9-12

Altars:
Ashenzari
Elyvilon
Gozag
Kikubaaqudgha
Qazlal
Trog
Vehumet

Annotations:
D:8 2 transporters, zeratav's ghost, novice SpAM
D:10 Josephine


Message History

The ghostly flame explodes!
The ghostly fireball engulfs the wraith.
The wraith completely resists.
The ghostly fireball engulfs Josephine.
Josephine completely resists.
The ghostly fireball engulfs your +0 spectral war axe.
Your +0 spectral war axe completely resists.
The ghostly fireball engulfs you but does no damage.
You hear a shout!
You hit the wraith but do no damage.
Your +0 spectral war axe barely misses the wraith.
The wraith hits you! The wraith drains your vigour!
You feel as though you will be slow longer.
Josephine gestures at you while chanting.
The ghostly flame explodes!
The ghostly fireball engulfs the wraith.
The wraith completely resists.
The ghostly fireball engulfs Josephine.
Josephine completely resists.
The ghostly fireball engulfs your +0 spectral war axe.
Your +0 spectral war axe completely resists.
The ghostly fireball engulfs you!!
You feel drained. The wraith hits you!
Josephine points at you and mumbles some strange words.
The ghostly flame explodes!
The ghostly fireball engulfs the wraith.
The wraith completely resists.
The ghostly fireball engulfs Josephine.
Josephine completely resists.
The ghostly fireball engulfs your +0 spectral war axe.
Your +0 spectral war axe completely resists.
The ghostly fireball engulfs you!!
You feel drained.
* * * LOW HITPOINT WARNING * * *
You hear a shout!
Blink to where?
Press: ? - help, Dir - move target
As you read the scroll of blinking, it crumbles to dust.
There is an open door here.
As you close the door, it creaks loudly!
Something unseen opens the door.
Josephine laughs insanely.
Josephine gestures at you while chanting.
The ghostly flame explodes!
The ghostly fireball engulfs you!
You feel drained.
You die...

#...>.....#
#.........#
.####.........#
..............#
####.........#
#.........#
#.........#
##>######## #@##
#..##### ##..@..#
#####.# #.# ####'####
#.......# .
####......[#
....######W@'.......#


You could see Josephine.

Vanquished Creatures
  A two-headed ogre (D:10)
  2 kobold demonologists (D:9)
  A troll (D:9)
  A wraith (D:10)
  5 yaks (D:9)
  A wyvern (D:8)
  2 wargs (D:8)
  An acid dragon (D:8)
  2 water moccasins
  An ice beast (D:8)
  2 sky beasts (D:6)
  An orc warrior (D:8)
  A black bear (D:5)
  4 ogres
  Pargi (Sewer)
  2 centaurs (D:7)
  A phantom (D:5)
  7 kobold brigands
  2 bullfrogs
  2 necrophages
  2 scorpions
  5 killer bees (D:8)
  6 howler monkeys
  A jelly (D:7)
  2 hounds (D:5)
  A gnoll shaman (D:4)
  4 orc priests
  3 iguanas
  8 orc wizards
  15 gnolls
  9 adders
  3 shadow imps (D:6)
  A white imp (D:8)
  5 worms
  2 dart slugs (D:1)
  26 orcs
  8 ball pythons
  13 bats
  10 endoplasms
  4 giant cockroaches
  4 goblins (D:1)
  7 hobgoblins
  38 kobolds
  5 quokkas (D:1)
  A frilled lizard (Sewer)
  10 rats
233 creatures vanquished.

Vanquished Creatures (collateral kills)
  Harold (D:9)
1 creature vanquished.

Vanquished Creatures (others)
  A plant (D:8)
1 creature vanquished.

Grand Total: 235 creatures vanquished

Notes
Turn   | Place    | Note
-------+----------+-------------------------------------------
     0 | D:1      | blackman the Human Monk began the quest for the Orb.
     0 | D:1      | Reached XP level 1. HP: 18/18 MP: 1/1
    59 | D:1      | Reached XP level 2. HP: 7/24 MP: 2/2
   648 | D:1      | Found a faded altar of an unknown god.
   659 | D:1      | Prayed at the altar of an unknown god.
   659 | D:1      | Became a worshipper of Trog the Wrathful
   659 | D:1      | Reached * piety under Trog
   659 | D:1      | Reached ** piety under Trog
   719 | D:1      | Reached skill level 4 in Axes
   719 | D:1      | Reached XP level 3. HP: 27/29 MP: 3/3
   771 | D:1      | Reached *** piety under Trog
  1430 | D:2      | Reached XP level 4. HP: 17/35 MP: 4/4
  2168 | D:2      | Reached skill level 5 in Axes
  2623 | D:3      | Reached XP level 5. HP: 37/41 MP: 5/5
  2741 | D:3      | Noticed an ogre
  2743 | D:3      | Reached skill level 6 in Axes
  3343 | D:3      | Reached **** piety under Trog
  3404 | D:3      | Reached XP level 6. HP: 15/47 MP: 6/6
  4882 | D:4      | Found a staircase to the Ecumenical Temple.
  4946 | D:4      | Found an ancient bone altar of Kikubaaqudgha.
  4972 | D:4      | Noticed an ogre
  4982 | D:4      | Killed an ogre
  4983 | D:4      | Reached skill level 7 in Axes
  5509 | D:4      | Reached XP level 7. HP: 52/52 MP: 7/7
  5675 | D:4      | Found a broken altar of Ashenzari.
  5959 | D:5      | Entered Level 5 of the Dungeon
  6470 | D:5      | Reached skill level 8 in Axes
  6605 | D:5      | Found a stormy altar of Qazlal.
  6643 | D:5      | Found a glowing drain.
  6647 | Sewer    | Entered a sewer
  6724 | Sewer    | Noticed Pargi
  6732 | Sewer    | Killed Pargi
  6860 | D:5      | Reached XP level 8. HP: 56/58 MP: 8/8
  6865 | D:5      | Reached skill level 9 in Axes
  7156 | D:5      | Found a radiant altar of Vehumet.
  7231 | D:5      | Reached skill level 10 in Axes
  7892 | D:6      | Reached XP level 9. HP: 57/63 MP: 9/9
  8095 | D:6      | Reached skill level 11 in Axes
  8644 | D:7      | Reached skill level 12 in Axes
  9045 | D:7      | Reached ***** piety under Trog
  9942 | D:8      | Found an opulent altar of Gozag.
  9971 | D:8      | Found a transporter.
 10076 | D:8      | Noticed zeratav's ghost (novice SpAM)
 10080 | D:8      | Noticed a moth of wrath
 10345 | D:8      | Reached skill level 13 in Axes
 10353 | D:8      | Received a gift from Trog
 10354 | D:8      | Reached skill level 1 in Armour
 10354 | D:8      | Reached XP level 10. HP: 70/70 MP: 10/10
 10463 | D:8      | Found a transporter.
 10689 | D:8      | Found a staircase to the Lair.
 11077 | D:8      | HP: 3/73 [warg (9)]
 11085 | D:8      | Reached skill level 5 in Fighting
 12250 | D:9      | Noticed a kobold demonologist
 12252 | D:9      | Killed a kobold demonologist
 12484 | D:9      | Found a white marble altar of Elyvilon.
 12769 | D:9      | Reached skill level 14 in Axes
 13050 | D:9      | Noticed a kobold demonologist
 13053 | D:9      | Killed a kobold demonologist
 13094 | D:9      | Reached XP level 11. HP: 84/84 MP: 11/11
 13310 | D:9      | Noticed Harold
 13318 | D:9      | Killed Harold
 14104 | D:10     | Entered Level 10 of the Dungeon
 14314 | D:10     | Noticed a two-headed ogre
 14341 | D:10     | Killed a two-headed ogre
 14542 | D:10     | Noticed Josephine
 14567 | D:10     | Killed from afar by Josephine

Illustrated notes

Levels and vault maps discovered:
D:1:      psy_arrival_dodecagon, layout_rooms,
          ebering_ecumenical_altar_sacrificial, st_stairs_9, minivault_4
D:2:      layout_loops_ring, ebering_dispersal_statue_hall, minmay_cut_off
D:3:      layout_basic, st_stairs_10
D:4:      layout_basic, nicolae_overflow_crystal_walls,
          cheibrodos_ashenzari_chains, minmay_temple_entry_slanted,
          kennysheep_decorative_pillar
D:5:      layout_loops_corners, vehumet_altar_wand_db, lemuel_crystal_altar,
          gup_sewer_entry_bowl
D:6:      layout_gridville
D:7:      layout_basic
D:8:      layout_layer_cave, amcnicky_altar_gilded, erik_lair_orcish_takeover,
          gammafunk_ghost_berserking_beasts
D:9:      layout_grid_maze, elyvilon_altar_3, uniq_harold
D:10:     layout_roguey [special_room_bee], uniq_josephine

Skill      XL: |  1  2  3  4  5  6  7  8  9 10 11 |
---------------+----------------------------------+-----
Axes           | 4 5 6 7 8 10 13 14 | 14.5
Armour         | 1 3 |  3.1
Fighting       | 7 8 |  8.2
Dodging        | |  3.0
Stealth        | |  2.0

Action                   |  1- 3 |  4- 6 |  7- 9 | 10-12 || total
-------------------------+-------+-------+-------+-------++-------
Melee: Hand axe          |   144 |    63 |       |       ||   207
       Punch             |     3 |     1 |     1 |     1 ||     6
       War axe           |       |    82 |   189 |   106 ||   377
       Battleaxe         |       |       |       |    47 ||    47
Throw: Dart              |       |     3 |     6 |     9 ||    18
       Javelin           |       |     1 |     1 |     3 ||     5
Invok: Berserk           |       |       |     1 |     1 ||     2
       Brothers in Arms  |       |       |       |     1 ||     1
Evoke: Wand              |       |       |       |     1 ||     1
  Use: Potion            |     1 |       |       |     3 ||     4
       Scroll            |       |     4 |     4 |     3 ||    11
 Stab: Distracted        |       |       |     2 |     3 ||     5
Armor: Robe              |     7 |       |       |       ||     7
       Chain mail        |    64 |    82 |       |       ||   146
       Plate armour      |       |    22 |   153 |    81 ||   256
Dodge: Dodged            |    71 |    34 |    40 |    29 ||   174

Table legend: (Time is in decaauts)
 A = Elapsed time spent in this place.
 B = Non-inter-level travel time spent in this place.
 C = Inter-level travel time spent in this place.
 D = Time resting spent in this place.
 E = Time spent auto-exploring this place.
 F = Levels seen in this place.
 G = Mean time per level.
                   A        B        C        D        E       F      G
               +--------+--------+--------+--------+--------+-----+--------+
         Total |  14644 |  14276 |    368 |   4181 |   8395 |  11 | 1331.3 |
       Dungeon |  14479 |  14111 |    368 |   4181 |   8279 |  10 | 1447.9 |
         Sewer |    165 |    165 |      0 |      0 |    116 |   1 |  165.0 |
               +--------+--------+--------+--------+--------+-----+--------+

Top non-repeatable levels by time:
     D:2: 2870 daAuts
     D:7: 2259 daAuts
     D:9: 1867 daAuts
     D:4: 1576 daAuts
     D:8: 1475 daAuts
     D:1: 1302 daAuts
     D:5: 1044 daAuts
     D:6: 876 daAuts
     D:3: 738 daAuts
    D:10: 467 daAuts
   Sewer: 165 daAuts
